 Dungeon Crawl Stone Soup version 0.21.1-1-g345015f (webtiles) character file.

7 theblackcape the Charmwright (level 2, -2/23 HPs)
             Began as a Gnoll Wanderer on June 18, 2018.
             Slain by a goblin
             ... wielding a +0 club
              (3 damage)
             ... on level 1 of the Dungeon.
             The game lasted 00:01:14 (174 turns).

theblackcape the Charmwright (Gnoll Wanderer)        Turns: 174, Time: 00:01:15

Health: -2/23      AC:  2    Str: 13    XL:     2   Next: 0%
Magic:  7/7        EV: 11    Int: 14    God:
Gold:   28         SH:  0    Dex: 15    Spells: 10/10 levels left

rFire    . . .     SeeInvis .   a - +2 spear
rCold    . . .     Gourm    .   (no shield)
rNeg     . . .     Faith    .   c - +0 robe
rPois    .         Spirit   .   (no helmet)
rElec    .         Reflect  .   (no cloak)
rCorr    .         Harm     .   (no gloves)
MR       .....                  (no boots)
Stlth    ++........             (no amulet)
HPRegen  0.07/turn              (no ring)
MPRegen  0.10/turn              (no ring)

@: no status effects
A: distributed training, fangs 1, strong nose
a: no special abilities


You were on level 1 of the Dungeon.
You were not hungry.

You visited 1 branch of the dungeon, and saw 1 of its levels.

You collected 28 gold pieces.

Inventory:

Hand Weapons
 a - a +2 spear (weapon)
Armour
 c - a +0 robe (worn)
Scrolls
 b - a scroll of teleportation
 g - a scroll of remove curse {unknown}
 h - a scroll of identify {unknown}
Potions
 e - a potion of berserk rage {unknown}
 i - 2 potions of agility {unknown}
 j - 2 potions of mutation {unknown}
 k - a potion of heal wounds {unknown}
 l - a potion of resistance {unknown}
Comestibles
 d - a ration
 f - 3 chunks of flesh


   Skills:
 + Level 2.4 Fighting
 + Level 0.2 Short Blades
 + Level 0.2 Long Blades
 + Level 0.2 Axes
 + Level 0.2 Maces & Flails
 + Level 2.4 Polearms
 + Level 0.2 Staves
 + Level 0.2 Slings
 + Level 0.2 Bows
 + Level 0.2 Crossbows
 + Level 2.4 Throwing
 + Level 0.2 Armour
 + Level 0.2 Dodging
 + Level 2.2 Stealth
 + Level 2.4 Shields
 + Level 0.2 Unarmed Combat
 + Level 4.9 Spellcasting
 + Level 0.1 Conjurations
 + Level 0.1 Hexes
 + Level 5.3 Charms
 + Level 0.1 Summonings
 + Level 0.1 Necromancy
 + Level 0.1 Translocations
 + Level 0.1 Transmutations
 + Level 0.1 Fire Magic
 + Level 0.1 Ice Magic
 + Level 0.1 Air Magic
 + Level 0.1 Earth Magic
 + Level 0.1 Poison Magic
 + Level 0.3 Invocations
 + Level 0.2 Evocations


You had 10 spell levels left.
You didn't know any spells.

Dungeon Overview and Level Annotations

Branches:
Dungeon (1/15)

Altars:


Innate Abilities, Weirdness & Mutations

Your experience applies equally to all skills.
You have very sharp teeth.
Your uncanny sense of smell can sniff out nearby items.


Message History

You see here 3 inedible chunks of flesh.
The bat barely misses you. The bat hits you but does no damage.
The bat hits you but does no damage. The bat closely misses you.
The bat hits you.
* * * LOW HITPOINT WARNING * * *
The bat barely misses you.
You are too injured to fight recklessly!
The bat hits you.
* * * LOW HITPOINT WARNING * * *
There is an open door here.
There is a fountain of clear blue water here.
You are too injured to fight recklessly!
You are too injured to fight recklessly!
You are too injured to fight recklessly!
There is a staircase leading out of the dungeon here.
Are you sure you want to leave the Dungeon?
This will make you lose the game! The goblin hits you with a club.
You die...

#.......(..#...........#..##
#.....÷....#..(...#.†.(...%.
#..........#.......%.......?
##........#..####g..##......
##.................##......
###.#....K..K.#...........
#.##.[#b#..##...##......
#..####g####..#.........
#8..++⌠@⌠+ ..8...[......
###..####⌠####...##### #
#...##..#+#..##.##
#...#.).......#.#
#.....##....#. #...........#
#############


You could see a goblin, a bat and a kobold.

Vanquished Creatures
  A goblin (D:1)
  A hobgoblin (D:1)
  A kobold (D:1)
  A bat (D:1)
  3 rats (D:1)
7 creatures vanquished.

Notes
Turn   | Place    | Note
-------+----------+-------------------------------------------
     0 | D:1      | theblackcape the Gnoll Wanderer began the quest for the Orb.
     0 | D:1      | theblackcape set off with: a +2 spear, a scroll of teleportation, a +0 robe, a ration
     0 | D:1      | Reached XP level 1. HP: 17/17 MP: 6/6
   138 | D:1      | Reached XP level 2. HP: 20/23 MP: 7/7
   171 | D:1      | HP: 1/23 [bat (1)]
   174 | D:1      | Slain by a goblin

Action                   || total
-------------------------++-------
Melee: Spear             ||    20
       Bite              ||     1
Armor: Robe              ||     4
Dodge: Dodged            ||    20
